 Dungeon Crawl Stone Soup version 0.27-a0-988-g25969acef8 (webtiles) character file.

Game seed: 15033890772635053240

79 Lanoc the Grasshopper (level 4, -1/46 HPs)
             Began as an Ogre Warper on Apr 15, 2021.
             Was a Follower of Sif Muna.
             Succumbed to an adder's poison
             ... on level 2 of the Dungeon.
             The game lasted 00:02:52 (2192 turns).

Lanoc the Grasshopper (Ogre Warper)                 Turns: 2192, Time: 00:02:53

Health: -1/46      AC:  4    Str: 15    XL:     4   Next: 38%
Magic:  7/7        EV: 10    Int: 15    God:    Sif Muna [*.....]
Gold:   58         SH:  0    Dex:  8    Spells: 5/7 levels left

rFire    . . .     SeeInvis .   a - +0 spear
rCold    . . .     Faith    .   (no shield)
rNeg     . . .     Spirit   .   b - +0 robe
rPois    .         Reflect  .   (helmet restricted)
rElec    .         Harm     .   g - +0 cloak
rCorr    .         Rampage  .   (gloves unavailable)
Will     .....                  (boots unavailable)
Stlth    +.........             (no amulet)
HPRegen  0.15/turn              (no ring)
MPRegen  0.10/turn              (no ring)

@: brilliant, lethally poisoned (-1 -> -9), attractive
A: large, unfitting armour, tough skin 1
a: Renounce Religion, Channel Magic


You were on level 2 of the Dungeon.
You worshipped Sif Muna.
Sif Muna was aware of your devotion.
You visited 1 branch of the dungeon, and saw 2 of its levels.

You collected 58 gold pieces.

Inventory:

Hand Weapons
 a - a +0 spear (weapon)
Missiles
 e - 2 boomerangs of dispersal (quivered)
Armour
 b - a +0 robe (worn)
 g - a +0 cloak (worn)
Scrolls
 c - 2 scrolls of teleportation {unknown}
 d - a scroll of blinking
 h - a scroll of immolation {unknown}
 j - a scroll of magic mapping {unknown}
 k - 3 scrolls of enchant armour {unknown}
 l - a scroll of fog {unknown}
 m - a scroll of identify {unknown}


   Skills:
 + Level 3.6 Fighting
 - Level 2.5 Polearms
 - Level 1.0 Throwing
 + Level 2.6 Dodging
 - Level 2.4 Spellcasting
 * Level 3.6 Translocations


You had 5 spell levels left.
You knew the following spells:

 Your Spells              Type           Power      Damage    Failure   Level
h - Blink                 Tloc           N/A        N/A       8%          2

Your spell library contained the following spells:

 Spells                   Type           Power      Damage    Failure   Level
 Gell's Gravitas          Tloc           9%         N/A       14%         3
 Lesser Beckoning         Tloc           9%         N/A       14%         3
 Teleport Other           Tloc           18%        N/A       14%         3
 Manifold Assault         Tloc           18%        N/A       80%         5


Dungeon Overview and Level Annotations

Branches:
Dungeon (2/15)

Altars:
Sif Muna


Innate Abilities, Weirdness & Mutations

You are too large for most types of armour.
You have tough skin. (AC +1)


Message History

You closely miss the adder.
The adder is moderately wounded.
You feel sick. The adder closely misses you.
You barely miss the adder.
The adder is moderately wounded.
You feel sick. The adder bites you.
* * * LOW HITPOINT WARNING * * *
The adder bites you.
* * * LOW HITPOINT WARNING * * *
You are lethally poisoned!
The adder poisons you!
Throw: 5 boomerangs (disperse)
Press: ? - help, Q - select action, (/) - cycle Shift-Dir - straight line, f - adder
Aim: an adder (moderately wounded, 32% to hit)
You throw a boomerang of dispersal.
The boomerang of dispersal misses the adder.
The boomerang of dispersal hits the jackal.
The jackal blinks!
* * * LOW HITPOINT WARNING * * *
You feel very sick. The adder closely misses you.
Throw: 4 boomerangs (disperse)
Press: ? - help, Q - select action, (/) - cycle Shift-Dir - straight line, f/p - adder
Aim: an adder (moderately wounded, 32% to hit)
You throw a boomerang of dispersal.
The boomerang of dispersal hits the adder but does no damage.
The adder is moderately wounded.
* * * LOW HITPOINT WARNING * * *
You feel sick. The adder barely misses you. The adder bites you.
* * * LOW HITPOINT WARNING * * *
You are more poisoned.
The adder poisons you!
Throw: 3 boomerangs (disperse)
Press: ? - help, Q - select action, (/) - cycle Shift-Dir - straight line, f/p - adder
Aim: an adder (moderately wounded, 32% to hit)
You throw a boomerang of dispersal.
The boomerang of dispersal barely misses the adder.
The boomerang of dispersal barely misses the jackal.
The boomerang of dispersal closely misses the jackal.
You die...

#. ..## #.....# ###
....###.###.#...#####..
..
.........#.............
...
######.#.#.....###....
..# #.#.#............
..# #.#.###†.####....
#.# #.#.###..#####...
#.####.#........####..
#hhS@.#####..........
#h##### ##...#####. #.#
##†.# #. #.# #..#####.


Kh# #........ .... #.####### ..... #.# .##.#.# #.# #. ). .# ..# You could see an
adder and 3 jackals.

Vanquished Creatures
  4 adders (D:2)
  A dart slug (D:1)
  3 ball pythons
  4 bats
  3 endoplasms
  2 giant cockroaches (D:1)
  3 goblins (D:1)
  3 hobgoblins
  4 jackals
  A frilled lizard (D:1)
  6 kobolds
  6 rats
40 creatures vanquished.

Notes
Turn   | Place    | Note
-------+----------+-------------------------------------------
     0 | D:1      | Lanoc the Ogre Warper began the quest for the Orb.
     0 | D:1      | Reached XP level 1. HP: 22/22 MP: 3/3
   152 | D:1      | Reached XP level 2. HP: 17/29 MP: 5/5
   162 | D:1      | Learned a level 2 spell: Blink
   715 | D:1      | Reached XP level 3. HP: 18/37 MP: 6/6
  1603 | D:2      | Found a faded altar of an unknown god.
  1608 | D:2      | Became a worshipper of Sif Muna the Loreminder
  1608 | D:2      | Reached * piety under Sif Muna
  1947 | D:2      | Reached XP level 4. HP: 33/45 MP: 7/7
  2191 | D:2      | HP: 1/46 [adder (4)]
  2192 | D:2      | Succumbed to an adder's poison

Illustrated notes

Levels and vault maps discovered:
D:1:      psy_arrival_terrarium, layout_rooms
D:2:      layout_loops_ring, basic_ecumenical_altar, chequers_decorated_corner,
          minmay_tetromino_l2

Skill      XL: |  1  2 |
---------------+-------+-----
Fighting       | 3 |  3.6
Translocations | 3 |  3.6
Polearms       | |  2.5
Throwing       | |  1.0
Dodging        | |  2.6
Spellcasting   | |  2.4

Action                   |  1- 3 |  4- 6 || total
-------------------------+-------+-------++-------
Melee: Spear             |   177 |    47 ||   224
Throw: Boomerang         |       |     3 ||     3
 Cast: Blink             |     2 |       ||     2
  Use: Potion            |       |     2 ||     2
 Stab: Sleeping          |     1 |       ||     1
Armor: Robe              |    55 |    14 ||    69
Dodge: Dodged            |    79 |    23 ||   102

Table legend: (Time is in decaauts)
 A = Elapsed time spent in this place.
 B = Non-inter-level travel time spent in this place.
 C = Inter-level travel time spent in this place.
 D = Time resting spent in this place.
 E = Time spent auto-exploring this place.
 F = Levels seen in this place.
 G = Mean time per level.
                   A        B        C        D        E       F      G
               +--------+--------+--------+--------+--------+-----+--------+
         Total |   2189 |   2181 |      8 |      0 |   1825 |   2 | 1094.5 |
       Dungeon |   2189 |   2181 |      8 |      0 |   1825 |   2 | 1094.5 |
               +--------+--------+--------+--------+--------+-----+--------+

Top non-repeatable levels by time:
     D:1: 1164 daAuts
     D:2: 1025 daAuts
